Map: Ascension to Aiur LE

Players

Stephano - Winner!

  • Race: Zerg Zerg
  • Spawn Location: 5:00

BackupA

  • Race: Zerg Zerg
  • Spawn Location: 11:00

Event: WCS Valencia 2017

VOD

Have the link to the VOD?

Description

Time

  • Played on: July 13, 2017, 6:45 a.m.
  • Length: 7:04

All games in this series

Show
View Real Time Build Order
Export as new Build Order

Stephano Zerg - Winner!

Build Orders: Hatch First 

Get SALT Encoding   

  12  0:01  Drone  
  13  0:12  Overlord  
  13  0:17  Drone  
  14  0:30  Drone  
  14  0:31  Drone  
  14  0:34  Drone  
  17  0:51  Hatchery  
  17  0:54  Drone  
  17  0:57  Extractor  
  17  0:59  Drone  
  17  1:13  Spawning Pool  
  17  1:16  Drone  
  17  1:19  Drone  
  18  1:28  Drone  
  19  1:39  Overlord  
  19  1:52  Drone  
  20  1:59  Metabolic Boost  
  20  2:00  Queen  
  22  2:02  Zergling x2  
  22  2:04  Queen  
  22  2:07  Zergling x2  
  26  2:14  Drone  
  27  2:15  Drone  
  28  2:27  Drone x2  
  30  2:33  Drone  
  30  2:36  Queen  
  33  2:47  Hatchery  
  32  2:54  Baneling Nest  
  32  2:56  Overlord  
  31  2:59  Drone  
  31  3:03  Drone  
  31  3:05  Zergling x2  
  34  3:09  Evolution Chamber  
  32  3:15  Evolution Chamber, Zergling x2  
  32  3:18  Zergling x2  
  34  3:20  Zergling x6  
  34  3:21  Zergling x2  
  34  3:22  Zergling x4  
  34  3:25  Zergling x2  
  40  3:38  Baneling x2  
  35  3:42  Zergling x8  
  35  3:48  Zergling x6  
  35  3:55  Zergling x2  
  35  3:56  Zergling x2  
  35  4:00  Baneling  
  35  4:01  Baneling x2  
  37  4:03  Zergling x2  
  37  4:07  Zergling x2  
  39  4:13  Overlord  
  39  4:28  Drone x2  
  39  4:29  Drone  
  39  4:30  Drone  
  40  4:44  Zerg Ground Armor Level 1  
  40  4:45  Hatchery  
  40  4:52  Drone  
  38  5:01  Zergling x14  
  43  5:16  Baneling x2  
  43  5:17  Zergling x10  
  44  5:42  Drone x5  
  49  5:44  Overlord  
  49  5:48  Baneling x2  
  49  5:49  Baneling  
  49  5:55  Overlord x2  
  49  5:59  Overlord  
  49  6:00  Drone  
  50  6:05  Zergling x10  
  45  6:12  Zergling x2  
  45  6:18  Zergling x10  
  46  6:26  Zergling x2  
  46  6:27  Zergling x6  
  46  6:31  Zergling x4  
  50  6:36  Zergling x2  
  50  6:37  Zergling x2  
  52  6:41  Baneling x4  
  52  6:42  Baneling  
  52  6:45  Zergling x2  
Show
View Real Time Build Order
Export as new Build Order

BackupA Zerg 

Build Orders: Pool First, Zergling Baneling 

Get SALT Encoding   

  12  0:01  Drone  
  13  0:13  Overlord  
  13  0:17  Drone  
  14  0:32  Drone x2  
  16  0:35  Drone  
  16  0:37  Extractor  
  16  0:49  Spawning Pool  
  15  0:51  Drone  
  17  0:57  Drone  
  17  1:19  Hatchery  
  17  1:24  Drone  
  17  1:36  Zergling x4  
  19  1:40  Metabolic Boost  
  19  1:50  Queen  
  21  1:57  Overlord  
  21  2:01  Zergling x2  
  22  2:08  Baneling Nest  
  22  2:11  Zergling x2  
  22  2:16  Zergling x2  
  23  2:24  Drone  
  24  2:33  Queen  
  24  2:36  Zergling x2  
  27  2:41  Zergling x2  
  28  2:51  Zergling x4  
  30  2:55  Baneling x4  
  30  2:59  Zergling x4  
  32  3:11  Zergling x6  
  35  3:18  Overlord  
  36  3:20  Drone  
  34  3:35  Drone x2  
  33  3:42  Zergling x6  
  33  3:48  Drone x2  
  33  3:55  Zergling x6  
  32  4:02  Baneling x2  
  32  4:11  Queen, Drone  
  32  4:16  Zergling x2  
  36  4:18  Baneling x2  
  36  4:30  Drone  
  36  4:35  Drone x2  
  40  4:42  Zergling x4  
  42  4:51  Zergling x4  
  42  4:55  Hatchery  
  41  5:02  Zergling x6  
  41  5:08  Zergling x6  
  41  5:13  Baneling  
  41  5:27  Drone x3  
  44  5:31  Hatchery  
  44  5:34  Drone x3  
  44  5:40  Overlord  
  44  5:41  Baneling x2  
  44  5:42  Baneling  
  44  5:49  Baneling x2  
  44  5:59  Zergling x6  
  44  6:01  Drone x2  
  49  6:09  Extractor, Evolution Chamber  
  49  6:10  Roach Warren  
  44  6:14  Zergling x8  
  47  6:24  Zergling x8  
  43  6:30  Zergling x2  
  44  6:38  Zergling x4  
  44  6:42  Baneling x3  
Tags
 
Add a new tag
Caveats
  • Supply blocks, unpowered buildings, or Contaminate may cause inaccurate times.
  • Supply counts are checked every 10 seconds.